 Seeded DCSS version 0.29.1-13-g9f3cf754e1 (webtiles) character file.

Game seed: 20230121 (custom seed)

4746 stormannn the Basher (level 10, -1/96 HPs)
             Began as a Gargoyle Fighter on Jan 21, 2023.
             Was a Priest of Cheibriados.
             Slain by a polar bear (8 damage)
             ... on level 8 of the Dungeon.
             The game lasted 00:13:35 (7109 turns).

stormannn the Basher (Gargoyle Fighter)             Turns: 7109, Time: 00:13:35

Health: -1/96      AC: 21    Str: 32    XL:     10   Next: 46%
Magic:  10/10      EV: 13    Int: 18    God:    Cheibriados [***...]
Gold:   459        SH: 11    Dex: 19    Spells: 9/9 levels left

rFire   . . .      SeeInvis +   E - +0 flail (venom)
rCold   . . .      Faith    .   C - +0 kite shield
rNeg    + . .      Spirit   .   i - +0 acid dragon scales
rPois   ∞          Reflect  .   c - +1 hat {Int+3}
rElec   +          Harm     .   w - +0 cloak
rCorr   +          Rampage  .   H - +2 pair of gloves {Dex+3}
Will    .....                   (no boots)
Stlth   ..........              z - amulet of the acrobat
HPRegen 0.26/turn               x - ring of see invisible
MPRegen 0.12/turn               y - +4 ring of evasion

@: berserking, very slow
A: sickness immunity, AC +7, negative energy resistance 1, electricity
resistance, torment resistance 1, petrification resistance
a: Renounce Religion, Bend Time, Temporal Distortion


You were on level 8 of the Dungeon.
You worshipped Cheibriados.
Cheibriados was most pleased with you.
You visited 2 branches of the dungeon, and saw 9 of its levels.

You collected 533 gold pieces.
You spent 74 gold pieces at shops.

Inventory:

Hand Weapons
 a - a +0 mace of draining
 b - a +1 whip of freezing
 E - a +0 flail of venom (weapon)
Missiles
 e - 11 poisoned darts
 m - 3 curare-tipped darts (quivered)
Armour
 c - a +1 hat of intelligence (worn)
 i - +0 acid dragon scales (worn)
 w - a +0 cloak (worn)
 C - a +0 kite shield (worn)
 H - a +2 pair of gloves of dexterity (worn)
Magical Staves
 p - a staff of air
 v - a staff of earth
Jewellery
 x - a ring of see invisible (left hand)
 y - a +4 ring of evasion (right hand)
 z - an amulet of the acrobat (around neck)
Wands
 o - a wand of acid (4)
 s - a wand of digging (4)
Scrolls
 g - a scroll of vulnerability {unknown}
 k - 2 scrolls of amnesia
 n - 2 scrolls of teleportation
Potions
 d - a potion of might
 f - a potion of brilliance {unknown}
 h - 2 potions of curing {unknown}
 j - 3 potions of attraction
 l - 4 potions of cancellation
 t - 5 potions of haste
 u - 2 potions of heal wounds {unknown}
 A - a potion of berserk rage
 B - a potion of flight {unknown}
 F - a potion of degeneration {unknown}
 G - a potion of resistance {unknown}


   Skills:
 + Level 8.1 Fighting
 * Level 9.8 Maces & Flails
 + Level 8.1 Armour
 + Level 8.1 Shields


You had 9 spell levels left.
You didn't know any spells.
Your spell library contained the following spells:

 Spells                   Type           Power      Damage    Failure   Level
 Sting                    Tmut/Pois      0%         1d3       52%         1
 Blink                    Tloc           0%         N/A       67%         2
 Poisonous Vapours        Pois/Air       0%         N/A       67%         2
 Inner Flame              Hex/Fire       0%         N/A       88%         3
 Cause Fear               Hex            0%         N/A       99%         4
 Olgreb's Toxic Radiance  Pois           0%         N/A       99%         4
 Manifold Assault         Tloc           0%         N/A       100%        5
 Storm Form               Tmut/Air       0%         N/A       100%        7
 Discord                  Hex            0%         N/A       100%        8


Dungeon Overview and Level Annotations

Branches:
Dungeon (8/15)             Temple (1/1) D:4
   Lair: D:8-11

Altars:
Ashenzari
Cheibriados
Dithmenos
Elyvilon
Fedhas
Gozag
Hepliaklqana
Makhleb
Nemelex Xobeh
Okawaru
Qazlal
Trog
Vehumet
Wu Jian
Xom
Yredelemnul
Zin
The Shining One

Shops:
D:4 (=([


Innate Abilities, Weirdness & Mutations

You are immune to sickness and miasma.
Your stone body is resilient. (AC +7)
You are immune to poison.
You resist negative energy. (rN+)
You are resistant to electric shocks. (rElec)
You are resistant to unholy torment.
You are immune to petrification.


Message History

The scroll dissolves into smoke.
You block the polar bear's attack. x2
The polar bear barely misses you.
You sock the polar bear!
The polar bear is severely wounded.
The orc hits you but does no damage.
The polar bear goes berserk!
You block the orc's attack.
You barely miss the polar bear.
The polar bear is severely wounded.
The polar bear bites you!
The polar bear claws you but does no damage.
The polar bear claws you. The orc hits you but does no damage.
You hit the polar bear but do no damage.
The polar bear is almost dead.
You block the polar bear's attack. The polar bear misses you.
The polar bear claws you but does no damage.
You block the polar bear's attack.
The polar bear claws you but does no damage.
The polar bear completely misses you. The orc hits you but does no damage.
You hit the polar bear.
The polar bear looks as sick as possible!
The polar bear is almost dead.
You block the polar bear's attack. x3; You block the orc's attack.
The polar bear bites you but does no damage.
The polar bear claws you but does no damage.
The polar bear barely misses you.
You hit the polar bear but do no damage.
The polar bear looks as sick as possible!
The polar bear is almost dead.
The polar bear bites you!!
* * * LOW HITPOINT WARNING * * *
The polar bear barely misses you.
The polar bear claws you but does no damage.
You block the orc's attack.
Okay, then.
Okay, then.
It was a potion of berserk rage.
A red film seems to cover your vision as you go berserk!
Cheibriados protects you from inadvertent hurry.
You feel mighty! The polar bear bites you!
You die...

...........#.##...##.#.###.#..
#.##............#.##.#.. ..#..
..............................
#.##.................#.....###
............#.##.####...
#.##.>.......o...........
..........o.o5o.....~. ...
#.##.?..8..##h##.....~ .
.....o..###@# ....~~
###.......§o§§§....~~
#....Y#####§§§..... ##.##.#
#.#...... .o .. ......... #
#.#...... #.# ..... #.. .....


You could see a polar bear (berserk, extremely poisoned), a white imp and 3
orcs.

Vanquished Creatures
  A two-headed ogre (D:4)
  A cyclops (D:7)
  A gargoyle (D:7)
  A troll (D:7)
  A polar bear (D:8)
  A wyvern (D:8)
  A yak (D:8)
  A steam dragon (D:7)
  An acid dragon (D:7)
  A water moccasin (D:8)
  An orc warrior (D:8)
  3 sky beasts (D:7)
  3 black bears
  An ice beast (D:7)
  An ogre (D:6)
  A centaur (D:6)
  A kobold brigand (D:7)
  A gnoll sergeant (D:7)
  A necrophage (D:7)
  A bullfrog (D:8)
  2 scorpions
  A wight (D:7)
  A howler monkey (D:7)
  2 hounds
  2 gnoll boudas
  6 orc priests
  9 iguanas
  13 orc wizards
  7 gnolls
  5 adders
  2 white imps (D:8)
  2 howler monkey simulacra (D:8)
  4 worms
  4 dart slugs
  23 orcs
  5 endoplasms
  2 giant cockroaches
  3 goblins
  5 hobgoblins
  12 jackals
  3 quokkas
  8 ball pythons
  5 bats
  8 kobolds
  9 rats
167 creatures vanquished.

Notes
Turn   | Place    | Note
-------+----------+-------------------------------------------
     0 | D:1      | stormannn the Gargoyle Fighter began the quest for the Orb.
     0 | D:1      | Reached XP level 1. HP: 14/14 MP: 1/1
    34 | D:1      | You fall into a shaft and drop 1 floor!
   312 | D:1      | Reached XP level 2. HP: 19/19 MP: 2/2
   651 | D:1      | Reached XP level 3. HP: 19/23 MP: 3/3
  1324 | D:2      | Found a faded altar of an unknown god.
  1666 | D:2      | Reached skill level 3 in Maces & Flails
  1933 | D:3      | Reached XP level 4. HP: 28/29 MP: 4/4
  2526 | D:4      | Found Jacolukh's Weapon Boutique.
  2526 | D:4      | Found Xuaf's Antique Armour Boutique.
  2527 | D:4      | Found Deuseq's Antique Weapon Boutique.
  2534 | D:4      | Found Sukausuori's Jewellery Boutique.
  2545 | D:4      | Found a staircase to the Ecumenical Temple.
  2564 | D:4      | Reached XP level 5. HP: 33/33 MP: 5/5
  2592 | Temple   | Entered the Ecumenical Temple
  2729 | Temple   | Became a worshipper of Cheibriados the Contemplative
  2755 | D:4      | Reached skill level 4 in Maces & Flails
  2832 | D:4      | Reached XP level 6. HP: 39/39 MP: 6/6
  3104 | D:4      | Found a burning altar of Makhleb.
  3104 | D:4      | Found a basalt altar of Yredelemnul.
  3357 | D:4      | Noticed a two-headed ogre
  3365 | D:4      | Killed a two-headed ogre
  3366 | D:4      | Reached skill level 5 in Fighting
  3366 | D:4      | Reached skill level 5 in Maces & Flails
  3366 | D:4      | Reached skill level 5 in Armour
  3366 | D:4      | Reached skill level 5 in Shields
  3366 | D:4      | Reached XP level 7. HP: 24/44 MP: 7/7
  3366 | D:4      | Reached XP level 8. HP: 27/50 MP: 8/8
  4049 | D:5      | Entered Level 5 of the Dungeon
  4056 | D:5      | Reached skill level 6 in Maces & Flails
  4489 | D:5      | Reached * piety under Cheibriados
  4668 | D:5      | Found a blossoming altar of Fedhas.
  4982 | D:4      | Bought a +0 flail of venom for 74 gold pieces
  5285 | D:6      | Reached skill level 7 in Maces & Flails
  5494 | D:6      | Reached XP level 9. HP: 52/56 MP: 9/9
  5543 | D:6      | Found an ornate altar of the Wu Jian Council.
  5616 | D:6      | Reached ** piety under Cheibriados
  6133 | D:7      | Reached skill level 8 in Maces & Flails
  6205 | D:7      | Noticed a cyclops
  6205 | D:7      | Noticed a gargoyle
  6227 | D:7      | Noticed a troll
  6518 | D:7      | Killed a cyclops
  6535 | D:7      | Killed a troll
  6536 | D:7      | Reached skill level 9 in Maces & Flails
  6536 | D:7      | Reached XP level 10. HP: 63/63 MP: 10/10
  6559 | D:7      | Killed a gargoyle
  6804 | D:8      | Reached *** piety under Cheibriados
  7109 | D:8      | Slain by a polar bear

Illustrated notes

Levels and vault maps discovered:
D:1:      lightli_arrival_maybe_door_vault, layout_loops_ring
D:2:      layout_basic, ebering_ecumenical_altar_box
D:3:      layout_rooms
D:4:      nicolae_cairo_tiling_large, layout_layer_cave,
          gammafunk_temple_overflow_pools, minmay_temple_entry_butterflies,
          minmay_shop_grid_forest, serial_park_tiny_pond,
          minmay_tree_intersection, minmay_misc_feat_square
D:5:      layout_loops_cross, fedhas_altar_2
D:6:      layout_cave_pools, nzn_wu_jian_contemplation, minmay_misc_feat_tower
D:7:      minmay_chambers_of_sevens, layout_gridville
D:8:      layout_basic, lemuel_coloured_pillars_altar, serial_ice, serial_ice_o,
          serial_ice_k, serial_ice_d, serial_ice_h, serial_ice_b, serial_ice_m,
          serial_ice_f, serial_ice_n, serial_ice_e, serial_ice_a, uniq_joseph
Temple:   nicolae_temple_two_arcs

Skill      XL: |  1  2  3  4  5  6  7  8  9 10 |
---------------+-------------------------------+-----
Maces & Flails | 3 4 5 7 9 |  9.8
Fighting       | 4 5 6 7 8 |  8.1
Armour         | 4 5 6 7 8 |  8.1
Shields        | 4 5 6 7 8 |  8.1

Action                   |  1- 3 |  4- 6 |  7- 9 | 10-12 || total
-------------------------+-------+-------+-------+-------++-------
Melee: Flail             |   132 |    58 |   160 |   107 ||   457
       Mace              |       |    69 |   103 |       ||   172
       Whip              |       |     4 |       |       ||     4
Throw: Dart              |       |     1 |     4 |       ||     5
Evoke: Wand              |       |     4 |     1 |       ||     5
  Use: Scroll            |       |       |    13 |     2 ||    15
       Potion            |       |       |       |     1 ||     1
Armor: Scale mail        |    85 |       |       |       ||    85
       Swamp dragon scal |     2 |    47 |   111 |    13 ||   173
       Acid dragon scale |       |       |       |    44 ||    44
Dodge: Dodged            |    76 |    89 |   159 |    61 ||   385
Block: Buckler           |    30 |    27 |     4 |       ||    61
       Kite shield       |       |       |   136 |    76 ||   212
